 Dungeon Crawl Stone Soup version 0.24-a0-507-g3e8b2426 (webtiles) character file.

Game seed: 12750599358844709505

246 silenth the Cudgeler (level 6, -4/66 HPs)
             Began as an Ogre Gladiator on July 19, 2019.
             Killed from afar by an orc wizard (8 damage)
             ... with a magic dart
             ... on level 2 of the Dungeon.
             The game lasted 00:05:30 (3922 turns).

silenth the Cudgeler (Ogre Gladiator)               Turns: 3922, Time: 00:05:30

Health: -4/66      AC:  3    Str: 19    XL:     6   Next: 11%
Magic:  6/6        EV: 16    Int:  9    God:
Gold:   185        SH:  0    Dex: 17    Spells: 5/5 levels left

rFire    . . .     SeeInvis .   a - +0 flail
rCold    . . .     Gourm    .   (no shield)
rNeg     . . .     Faith    .   b - +0 robe
rPois    .         Spirit   .   c - +0 hat
rElec    .         Reflect  .   (no cloak)
rCorr    .         Harm     .   (gloves unavailable)
MR       .....                  (boots unavailable)
Stlth    +++.......             (no amulet)
HPRegen  0.21/turn              (no ring)
MPRegen  0.10/turn              (no ring)

@: agile, slowed, very slow
A: large, unfitting armour, tough skin 1
a: no special abilities


You were on level 2 of the Dungeon.
You were hungry.

You visited 1 branch of the dungeon, and saw 3 of its levels.

You collected 185 gold pieces.

Inventory:

Hand Weapons
 a - a +0 flail (weapon)
 q - a +0 quarterstaff
 s - a +1 vampiric hand axe
Missiles
 d - 2 throwing nets
 m - 13 poisoned darts (quivered)
Armour
 b - a +0 robe (worn)
 c - a +0 hat (worn)
Scrolls
 g - a scroll of remove curse {unknown}
 i - 3 scrolls of identify
 j - 2 scrolls of enchant weapon {unknown}
 l - a scroll of noise {unknown}
 n - 2 scrolls of amnesia
 o - a scroll of teleportation {unknown}
 t - a scroll of immolation {unknown}
Potions
 h - 2 potions of agility
 p - a potion of resistance
 u - a potion of might
Comestibles
 e - 6 rations


   Skills:
 + Level 5.1 Fighting
 * Level 5.2 Maces & Flails
 - Level 2.0 Throwing
 - Level 2.6 Dodging


You had 5 spell levels left.
You didn't know any spells.
Your spell library was empty.

Dungeon Overview and Level Annotations

Branches:
Dungeon (3/15)

Altars:
Cheibriados
Gozag
Zin


Innate Abilities, Weirdness & Mutations

You are too large for most types of armour.
You have tough skin. (AC +1)


Message History

The magic dart hits you!
* * * LOW HITPOINT WARNING * * *
The orc wizard hits you with a +0 dagger.
* * * LOW HITPOINT WARNING * * *
The leopard gecko bites you.
* * * LOW HITPOINT WARNING * * *
A mysterious force pulls you upwards. The hatch slams shut behind you.
It was a potion of agility.
You feel agile all of a sudden.
The orc wizard gestures wildly while chanting.
The orc wizard seems to speed up.
The leopard gecko bites you but does no damage.
The orc wizard casts a spell.
The orc wizard blinks!
The orc wizard mumbles some strange words.
The orc wizard blinks!
The leopard gecko barely misses you.
You hit the leopard gecko but do no damage.
The orc wizard points at you and mumbles some strange words.
The magic dart hits you!
You die...

# #..###..#..#.#.........#
###............[.#######.#
..#.####..#..#.#.## #.#
#.........#..#.#..## #.#
#................#.# #.#
#.†####......#o#..## #(# #.>#
###....#...## #.# #..#
#......§§#######.# ...#
##.#####@........# #.## #.#
#l#...##### #.# #.# #.#...#
#.########.# #.#...###
#.....(....# #.#....o#
...........# #.##...>##
#########.######.##.#.#.#########
#........##..###.........
#######.....#.#.#########


You could see 2 orc wizards and a leopard gecko.

Vanquished Creatures
  Terence (D:3)
  Natasha (thrice) (D:2)
  5 adders
  5 worms
  A dart slug (D:1)
  A leopard gecko (D:1)
  3 orcs (D:3)
  A giant cockroach (D:1)
  10 goblins
  6 hobgoblins
  4 jackals (D:1)
  9 kobolds
  4 quokkas
  A ball python (D:3)
  14 bats
  6 frilled lizards
  16 rats
90 creatures vanquished.

Notes
Turn   | Place    | Note
-------+----------+-------------------------------------------
     0 | D:1      | silenth the Ogre Gladiator began the quest for the Orb.
     0 | D:1      | Reached XP level 1. HP: 22/22 MP: 1/1
    56 | D:1      | Reached skill level 3 in Maces & Flails
    95 | D:1      | Reached skill level 3 in Fighting
    95 | D:1      | Reached XP level 2. HP: 31/31 MP: 2/2
   388 | D:1      | Reached XP level 3. HP: 16/37 MP: 3/3
  1220 | D:2      | Reached XP level 4. HP: 13/48 MP: 4/4
  1602 | D:2      | Reached skill level 4 in Maces & Flails
  1829 | D:2      | Noticed Natasha
  1830 | D:2      | Found a snail-covered altar of Cheibriados.
  1839 | D:2      | Killed Natasha
  1839 | D:2      | Reached skill level 4 in Fighting
  2212 | D:2      | Noticed Natasha
  2221 | D:2      | Killed Natasha
  2221 | D:2      | Reached XP level 5. HP: 35/55 MP: 5/5
  2360 | D:2      | Noticed Natasha
  2373 | D:2      | Killed Natasha
  3046 | D:3      | Found a glowing silver altar of Zin.
  3046 | D:3      | Found an opulent altar of Gozag.
  3414 | D:3      | Noticed Terence
  3422 | D:3      | Killed Terence
  3422 | D:3      | Reached skill level 5 in Maces & Flails
  3473 | D:3      | Reached skill level 5 in Fighting
  3516 | D:3      | Reached XP level 6. HP: 40/66 MP: 6/6
  3919 | D:3      | HP: 5/66 [orc wizard/+0 dagger (2)]
  3922 | D:2      | Killed from afar by an orc wizard

Levels and vault maps discovered:
D:1:      tarquinn_simple_flora_water_d, layout_basic
D:2:      layout_loops_ring, old_standard_altar, first_ration, uniq_natasha
D:3:      layout_rooms, grunt_temple_overflow_gold_and_silver,
          kennysheep_generic_room_2, uniq_terence

Skill      XL: |  1  2  3  4  5 |
---------------+----------------+-----
Maces & Flails | 3 4 5 |  5.2
Fighting       | 3 4 5 |  5.1
Throwing       | |  2.0
Dodging        | |  2.6

Action                   |  1- 3 |  4- 6 || total
-------------------------+-------+-------++-------
Melee: Flail             |   121 |   161 ||   282
Throw: Throwing net      |       |     1 ||     1
       Dart              |       |     4 ||     4
  Use: Scroll            |       |     5 ||     5
       Potion            |       |     2 ||     2
 Stab: Held in net/web   |       |     3 ||     3
       Sleeping          |       |     1 ||     1
  Eat: Chunk             |     1 |     5 ||     6
       Ration            |       |     1 ||     1
Armor: Robe              |    47 |    50 ||    97
Dodge: Dodged            |    89 |   111 ||   200

Table legend:
 A = Non-vault XP
 B = Vault XP
 C = Vault XP percentage of total XP
 D = Non-vault monster count
 E = Vault monster count
 F = Vault count percentage of total count
                 A         B        C        D         E       F
            +---------+---------+-------+---------+---------+-------
      Total |     278 |      74 |  21.0 |      87 |       3 |   3.3
            +---------+---------+-------+---------+---------+-------
        D:1 |      53 |       0 |   0.0 |      31 |       0 |   0.0
        D:2 |     124 |      35 |  22.0 |      24 |       1 |   4.0
        D:3 |     101 |      39 |  27.9 |      32 |       2 |   5.9
            +---------+---------+-------+---------+---------+-------
